 Dungeon Crawl Stone Soup version bcrawl-1.27.1d (webtiles) character file.

Game seed: 6808306114663021895

114781 Freyura the Sneak (level 3, 0/17 HPs)
             Began as a Felid Enchanter on July 21, 2020.
             Succumbed to a worker ant's poison
             ... on level 2 of the Dungeon.
             The game lasted 00:03:33 (1108 turns).

Freyura the Sneak (Felid Enchanter)                 Turns: 1108, Time: 00:03:33

Health: 0/17       AC:  1    Str:  4    XL:     3   Next: 37%
Magic:  8/8        EV: 18    Int: 16    God:
Gold:   39         SH:  0    Dex: 17    Spells: 4/7 levels left
                                        Lives:  0   Deaths: 0

rFire    . . .     SeeInvis +     - Teeth and claws (4.9)
rCold    . . .     Gourm    .   (shield unavailable)
rNeg     . . .     Faith    .   (armour unavailable)
rPois    .         Spirit   .   (helmet unavailable)
rElec    .         Reflect  .   (cloak restricted)
rCorr    .         Harm     .   (gloves unavailable)
MR       .....                  (boots unavailable)
Stlth    +++.......             (no amulet)
HPRegen  0.05/turn              (no ring)
MPRegen  0.11/turn              (no ring)

@: lethally poisoned (0 -> -17), quick
A: very small, no armour, no weapons or thrown items, stealth, claws 1, fangs 3,
see invisible, carnivore, speed 1, shaggy fur 1, slow metabolism 1, sharp paws
a: no special abilities


You were on level 2 of the Dungeon.
You were full.

You visited 1 branch of the dungeon, and saw 2 of its levels.

You collected 39 gold pieces.

Inventory:

Scrolls
 a - a scroll of noise {unknown}
 b - a scroll of fog
 f - a scroll of teleportation {unknown}
 h - a scroll of remove curse {unknown}
 i - a scroll of fear {unknown}
Potions
 c - a potion of invisibility
 d - a potion of lignification {unknown}
 g - a potion of curing {unknown}
 j - a potion of cancellation {unknown}
Comestibles
 e - 3 rations {!d}


   Skills:
 + Level 0.8 Fighting
 + Level 3.1 Dodging
 * Level 5.1 Stealth
 + Level 1.7 Unarmed Combat
 + Level 2.7 Spellcasting
 + Level 4.7 Hexes


You had 4 spell levels left.
You knew the following spells:

 Your Spells              Type           Power        Failure   Level  Hunger
a - Corona                Hex            ###....      2%          1    None
b - Ensorcelled Hibernat  Hex/Ice        #.....       11%         2    ##.....

Your spell library contained the following spells:

 Spells                   Type           Power        Failure   Level  Hunger
 Confuse                  Hex            ###.....     9%          3    ####...
 Tukima's Dance           Hex            ###.....     9%          3    ####...
 Dazzling Orbs            Conj/Hex       #......      22%         3    ####...


Dungeon Overview and Level Annotations

Branches:
Dungeon (2/12)

Altars:


Innate Abilities, Weirdness & Mutations

You cannot wear almost all types of armour.
You are incapable of wielding weapons or throwing items.
Your paws allow you to move quietly. (Stealth)
You have sharp claws.
You have razor-sharp teeth.
You have supernaturally acute eyesight. (SInv)
You are carnivorous and can eat meat at any time.
You cover ground quickly.
You are covered in fur. (AC +1)
You have a slow metabolism.
Your sharp claws are effective at attacking unaware monsters.


Message History

The worker ant is severely wounded.
The worker ant completely misses you.
You barely miss the worker ant.
The worker ant is severely wounded.
The worker ant bites you.
You are poisoned.
The worker ant poisons you!
You are too injured to fight recklessly!
You are too injured to fight recklessly!
No path to travel!
You feel sick. The worker ant closely misses you.
You scratch the worker ant but do no damage.
The worker ant is severely wounded.
The worker ant bites you!
* * * LOW HITPOINT WARNING * * *
You are more poisoned.
The worker ant poisons you!
You barely miss the worker ant.
The worker ant is severely wounded.
You die...

#...#######.# #.### #.#
#.# #.# #+## #.# ...##
#.###### ....## #......#
## .....## ##.####.# ..
......####...###a#.###.#
......+.........@.......
......####...##..#.###..
.....# ##.###..# #
....## #.. ...# ...##
#####.## #'## #.# #.#
..# #.# ### #.##


You could see a worker ant.

Vanquished Creatures
  A worm (D:2)
  2 dart slugs (D:1)
  2 leopard geckos (D:1)
  An orc (D:2)
  4 bats (D:1)
  A giant cockroach (D:1)
  5 goblins (D:1)
  3 hobgoblins (D:1)
  4 kobolds
  A quokka (D:2)
  3 rats (D:1)
27 creatures vanquished.

Notes
Turn   | Place    | Note
-------+----------+-------------------------------------------
     0 | D:1      | Freyura the Felid Enchanter began the quest for the Orb.
     0 | D:1      | Reached XP level 1. HP: 9/9 MP: 4/4
   199 | D:1      | Reached XP level 2. HP: 14/14 MP: 6/6
   248 | D:1      | Learned a level 2 spell: Ensorcelled Hibernation
   976 | D:2      | Reached skill level 5 in Stealth
   976 | D:2      | Reached XP level 3. HP: 17/17 MP: 7/7
  1108 | D:2      | Succumbed to a worker ant's poison

Skill      XL: |  1  2 |
---------------+-------+-----
Dodging        | 3 |  3.1
Stealth        | 5 |  5.1
Fighting       | |  0.8
Unarmed Combat | |  1.7
Spellcasting   | |  2.7
Hexes          | |  4.7

Action                   || total
-------------------------++-------
Melee: Unarmed           ||   105
       Bite              ||     5
       Punch             ||     1
 Cast: Ensorcelled Hiber ||     2
 Stab: Sleeping          ||    11
  Eat: Chunk             ||     6
Armor: Skin              ||     4
Dodge: Dodged            ||    66
